 Dungeon Crawl Stone Soup version 0.31-a0-1540-g5a0b83f448 (webtiles) character file.

Game seed: 10464323053706329570

9228 MisterAzrael the Mimic (level 11, -14/74 (78) HPs)
             Began as an Octopode Shapeshifter on Jan 2, 2024.
             Was a Priest of Ru.
             Demolished by a skeletal warrior
             ... wielding a +0 flail
              (18 damage)
             ... on level 11 of the Dungeon.
             The game lasted 00:25:32 (11216 turns).

MisterAzrael the Mimic (Octopode Shapeshifter)     Turns: 11216, Time: 00:25:33

HP:   -14/74 (78)   AC:  5    Str: 17    XL:     11   Next: 43%
MP:   11/11         EV: 18    Int: 12    God:    Ru [***...]
Gold: 480           SH:  0    Dex: 13    Spells: 8/10 levels left

rFire   + .          .
                       - Unarmed
rCold   . . .        (shield currently unavailable)
rNeg    . . .        (helmet restricted)
rPois   .            (no amulet)
rElec   .            g - +4 ring of protection
rCorr   .            a - ring of protection from fire
SInv    .            p - ring of flight
Will    .....        i - +4 ring of slaying
Stlth   +            (no ring)
HPRegen 0.32/turn    (no ring)
MPRegen 0.12/turn    (no ring)
                     (no ring)

%: no passive effects
@: exhausted, flux-form, flying, glowing, drained
A: glow, contaminating, almost no armour, amphibious, 8 rings, camouflage 1,
gelatinous body 1, hated by all, unskilled 1, (nimble swimmer 1), tentacles
a: Begin Untransformation, Renounce Religion, Draw Out Power


You were on level 11 of the Dungeon.
You worshipped Ru.
Ru was most pleased with you.
You were something dangerously unstable.
You visited 1 branch of the dungeon, and saw 11 of its levels.

You collected 620 gold pieces.
You spent 140 gold pieces at shops.

Inventory:

Hand Weapons
 w - a +0 shortbow
Armour
 D - an orb of energy
Jewellery
 a - a ring of protection from fire (right tentacle)
 g - a +4 ring of protection (left tentacle)
 i - a +4 ring of slaying (on tentacle)
 p - a ring of flight (on tentacle)
Talismans
 b - a beast talisman
 c - a flux talisman (active)
 t - a maw talisman
Wands
 y - a wand of flame (20)
Scrolls
 e - a scroll of revelation
 f - 3 scrolls of butterflies
 h - 2 scrolls of vulnerability
 k - 3 scrolls of immolation
 n - 3 scrolls of enchant weapon {unknown}
 o - 3 scrolls of amnesia
 q - a scroll of poison {unknown}
 v - 2 scrolls of enchant armour {unknown}
 x - a scroll of fog {unknown}
 z - a scroll of blinking {unknown}
 B - 4 scrolls of identify
 C - a scroll of noise {unknown}
Potions
 d - a potion of ambrosia {unknown}
 j - a potion of magic {unknown}
 l - 3 potions of might
 m - 2 potions of cancellation
 r - a potion of attraction {unknown}
 s - a potion of curing
 u - 2 potions of berserk rage {unknown}
 A - a potion of resistance {unknown}


   Skills:
 - Level 8.9 Fighting
 + Level 4.8 Dodging
 + Level 8.7 Unarmed Combat
 * Level 9.4 Shapeshifting


You had 8 spell levels left.
You knew the following spells:

 Your Spells              Type           Power      Damage    Failure   Level
a - Jinxbite              Hex            0%         N/A       45%         2

Your spell library contained the following spells:

 Spells                   Type           Power      Damage    Failure   Level
 Lesser Beckoning         Tloc           0%         N/A       45%         2
 Gell's Gravitas          Tloc           0%         N/A       69%         3
 Teleport Other           Tloc           0%         N/A       69%         3
 Yara's Violent Unravell  Hex/Alch       0%         3d3       100%        5
 Enfeeble                 Hex            0%         N/A       100%        7


Dungeon Overview and Level Annotations

Branches:
Dungeon (11/15)            Temple (0/1) D:4             Orc (0/2) D:9
   Lair: D:8-11

Altars:
Ashenzari
Cheibriados
Kikubaaqudgha
Okawaru
Ru
Sif Muna
Trog
Wu Jian

Shops:
D:5 **(

Annotations:
D:8 1 transporter, Joseph


Innate Abilities, Weirdness & Mutations

You are something dangerously unstable.
You glow with magical radiation, making you easy to see and hit.
Foes you strike become dangerously contaminated with magical radiation.
You are incapable of wielding weapons or throwing items.
You cannot wear most types of armour.
You are amphibious.
You can wear up to eight rings at the same time.
Your skin changes colour to match your surroundings (Stealth+).
Your rubbery body absorbs attacks. (AC +1, EV +1)
You are hated by all.
You are somewhat unskilled. (-1 Apt)
((You are camouflaged when in or above water. (Stealth+)))
You have tentacles for arms and can constrict up to eight enemies at once.


Message History

You feel better.
The skeletal warrior hits you with a +0 flail!!
* * * LOW HITPOINT WARNING * * *
You are restored by drawing out deep reserves of power within.
You feel drained.
The skeletal warrior closely misses you.
You see here 9 gold pieces.
You tentacle-slap the skeletal warrior but do no damage.
The skeletal warrior begins to glow.
Your grab misses the skeletal warrior.
The skeletal warrior closely misses you.
You barely miss the skeletal warrior. You grab the skeletal warrior.
You squeeze the skeletal warrior.
The skeletal warrior is lightly damaged.
You constrict the skeletal warrior.
Okay, then.
You tentacle-slap the skeletal warrior.
The skeletal warrior glows dangerously bright.
The skeletal warrior is lightly damaged.
You constrict the skeletal warrior, but do no damage.
The skeletal warrior stops glowing.
The skeletal warrior hits you with a +0 flail!!
* * * LOW HITPOINT WARNING * * *
You tentacle-slap the skeletal warrior.
The skeletal warrior shudders as magic cascades through it.
You squeeze the skeletal warrior, but do no damage.
The skeletal warrior is moderately damaged.
You constrict the skeletal warrior, but do no damage.
The skeletal warrior hits you with a +0 flail!
* * * LOW HITPOINT WARNING * * *
You tentacle-slap the skeletal warrior but do no damage.
The skeletal warrior begins to glow.
The skeletal warrior is moderately damaged.
You constrict the skeletal warrior. The skeletal warrior misses you.
You tentacle-slap the skeletal warrior.
The skeletal warrior glows dangerously bright.
You squeeze the skeletal warrior, but do no damage.
The skeletal warrior is moderately damaged.
You constrict the skeletal warrior.
The skeletal warrior hits you with a +0 flail!!
You die...

...#.#.# ........ .....#
### ..#..# ..#
#.#..######## #.#
#.<.......... ...
###.#..#.#####.#.# #
#.#..........#.# #
#.##[....### #p#
#.####.#.# #z# #.# #.#.#
#z# #.# #.#.## #.#
#.####....## #.#
#.......#..###.#
########......##.#
(...)............#
####.##.......###.......


You could see 2 skeletal warriors.

Vanquished Creatures
  A hydra (D:10)
  3 two-headed ogres
  2 skeletal warriors (D:11)
  A cyclops (D:11)
  A troll (D:10)
  A hornet (D:9)
  2 dream sheep (D:10)
  A wraith (D:10)
  3 wyverns
  An acid dragon (D:9)
  3 water moccasins
  An orc warrior (D:7)
  3 ice beasts
  2 sky beasts
  2 ogres (D:5)
  5 centaurs
  A phantom (D:6)
  5 kobold brigands
  3 gnoll sergeants
  2 bullfrogs (D:6)
  3 scorpions
  11 wights
  4 howler monkeys
  A bombardier beetle (D:5)
  4 hounds (D:6)
  A jelly (D:5)
  An orc priest (D:7)
  An iron imp (D:9)
  3 sleepcaps
  An iguana (D:4)
  8 orc wizards
  10 adders
  15 gnolls
  3 white imps
  3 dart slugs
  A ribbon worm (D:2)
  29 orcs
  4 bats
  7 endoplasms
  3 giant cockroaches
  7 goblins
  5 hobgoblins
  3 quokkas
  6 ball pythons
  3 frilled lizards
  13 kobolds
  6 rats
199 creatures vanquished.

Vanquished Creatures (others)
  A wight (D:9)
  A gnoll (D:9)
2 creatures vanquished.

Grand Total: 201 creatures vanquished

Notes
Turn   | Place    | Note
-------+----------+-------------------------------------------
     0 | D:1      | MisterAzrael the Octopode Shapeshifter began the quest for
                  | the Orb.
     0 | D:1      | Reached XP level 1. HP: 13/13 MP: 1/1
   137 | D:1      | Reached XP level 2. HP: 8/18 MP: 2/2
   743 | D:2      | Reached XP level 3. HP: 23/23 MP: 3/3
  1039 | D:2      | Reached skill level 4 in Shapeshifting
  1206 | D:2      | Reached XP level 4. HP: 23/28 MP: 4/4
  1434 | D:3      | Found a faded altar of an unknown god.
  1563 | D:3      | Found an iron altar of Okawaru.
  1566 | D:3      | Found a sacrificial altar of Ru.
  1571 | D:3      | Found a shimmering blue altar of Sif Muna.
  1574 | D:3      | Found an ornate altar of the Wu Jian Council.
  1586 | D:3      | Became a worshipper of Ru the Awakened
  2221 | D:4      | Reached XP level 5. HP: 29/33 MP: 5/5
  2457 | D:4      | Found a staircase to the Ecumenical Temple.
  2491 | D:4      | Reached XP level 6. HP: 28/39 MP: 6/6
  2649 | D:4      | Reached skill level 5 in Shapeshifting
  2649 | D:4      | Gained mutation: You are somewhat unskilled. (-1 Apt) [Ru
                  | sacrifice]
  2649 | D:4      | Reduced skill Dodging to level 1
  2649 | D:4      | Reduced skill Shapeshifting to level 4
  2649 | D:4      | Reached * piety under Ru
  2750 | D:4      | Found an ancient bone altar of Kikubaaqudgha.
  2986 | D:5      | Entered Level 5 of the Dungeon
  3508 | D:5      | Reached XP level 7. HP: 43/46 MP: 7/7
  3512 | D:5      | Learned a level 2 spell: Jinxbite
  3980 | D:5      | Found Teunto's Assorted Antiques.
  3984 | D:5      | Reached skill level 5 in Shapeshifting
  3986 | D:5      | Found Zotighee's General Store.
  3987 | D:5      | Bought a blackened bone ring for 140 gold pieces
  4453 | D:5      | Found Juafydgh's Weapon Shop.
  4628 | D:6      | Reached skill level 5 in Unarmed Combat
  4628 | D:6      | Reached XP level 8. HP: 38/54 MP: 8/8
  4779 | D:6      | Reached skill level 5 in Fighting
  4860 | D:6      | Found a blossoming altar of Fedhas.
  5132 | D:6      | Gained mutation: You are hated by all. [Ru sacrifice]
  5132 | D:6      | Reached ** piety under Ru
  5132 | D:6      | Reached *** piety under Ru
  5551 | D:6      | Reached skill level 6 in Shapeshifting
  5566 | D:6      | Reached XP level 9. HP: 52/63 MP: 9/9
  7171 | D:8      | Noticed Joseph
  7493 | D:8      | Found a transporter.
  7522 | D:8      | You are sucked into a shaft and drop 2 floors!
  7522 | D:10     | Entered Level 10 of the Dungeon
  7537 | D:10     | Noticed a two-headed ogre
  7579 | D:10     | Noticed a two-headed ogre
  7591 | D:10     | Found a bloodstained altar of Trog.
  7850 | D:9      | Found a staircase to the Orcish Mines.
  7940 | D:9      | Reached XP level 10. HP: 18/60 MP: 10/10
  8281 | D:9      | Reached skill level 7 in Shapeshifting
  8667 | D:9      | Found a broken altar of Ashenzari.
  9177 | D:9      | Found a snail-covered altar of Cheibriados.
  9522 | D:10     | Killed a two-headed ogre
  9669 | D:10     | Reached skill level 8 in Shapeshifting
  9788 | D:10     | Noticed a three-headed hydra
  9802 | D:10     | Killed a three-headed hydra
 10052 | D:10     | Reached XP level 11. HP: 39/78 MP: 11/11
 10378 | D:10     | Killed a two-headed ogre
 10517 | D:11     | Noticed a two-headed ogre
 10525 | D:11     | Killed a two-headed ogre
 10526 | D:11     | Reached skill level 9 in Shapeshifting
 10810 | D:11     | Noticed a white ugly thing
 10875 | D:11     | Noticed a skeletal warrior
 10893 | D:11     | Killed a skeletal warrior
 11043 | D:11     | Noticed a skeletal warrior
 11058 | D:11     | Killed a skeletal warrior
 11080 | D:11     | Noticed a cyclops
 11099 | D:11     | Killed a cyclops
 11189 | D:11     | Noticed a skeletal warrior
 11191 | D:11     | Noticed a skeletal warrior
 11214 | D:11     | HP: 3/74 [skeletal warrior/+0 flail (10)]
 11216 | D:11     | Demolished by a skeletal warrior

Illustrated notes

Levels and vault maps discovered:
D:1:      dpeg_arrival_lava_altar, layout_basic, serial_rivers,
          chequers_serial_rivers_micro_a, chequers_serial_rivers_small_3,
          chequers_serial_rivers_small_a, chequers_serial_rivers_marsh,
          chequers_serial_rivers_small_3, chequers_serial_rivers_small_3
D:2:      layout_loops_ring, minmay_tiny_reverse_x
D:3:      layout_loops_ring, nicolae_overflow_macrodata_refinement,
          shapermc_ecumenical_altar_ellora, minmay_misc_feat_roman
D:4:      layout_cave_pods, nicolae_kikubaaqudgha_miasma_corner,
          minmay_temple_entry_hall
D:5:      layout_basic, serial_shops, nicolae_shop_bloodbath_and_beyond, shop,
          nicolae_diamond_shop, grunt_ministairs_4, lemuel_flame_loot_1
D:6:      layout_layer_cave, fedhas_altar_2, minivault_27, blue_anna_alchemist
D:7:      layout_basic, mainiacjoe_overflow_paths, enter_bailey_2
D:8:      layout_layer_cave, kennysheep_mini_moat,
          nicolae_qazlal_scattered_showers, nzn_ghost_randoct,
          grunt_ministairs_2, billiards_dpeg, uniq_joseph
D:9:      layout_gridville, slow_altar_2, ashenzari_conservatory_becter,
          orc_0_dummy
D:10:     layout_irregular_city, lemuel_coloured_pillars_altar, hangedman_ranch
D:11:     layout_loops_ring, lair_entry_dummy, serial_shops,
          nicolae_shop_gibbet_a_chance, grunt_decor_cap, minmay_door_square

Skill      XL: |  1  2  3  4  5  6  7  8  9 10 11 |
---------------+----------------------------------+-----
Shapeshifting  | 4 4 5 6 8 9 |  9.4
Unarmed Combat | 4 5 6 8 |  8.7
Fighting       | 2 3 4 6 8 |  8.9
Dodging        | 1 3 4 |  4.8

Action                     |  1- 3 |  4- 6 |  7- 9 | 10-12 || total
---------------------------+-------+-------+-------+-------++-------
  Melee: Unarmed           |    55 |   119 |   239 |   148 ||   561
         Constrict         |    12 |    22 |    53 |    25 ||   112
         Tentacles         |    10 |    18 |    67 |    42 ||   137
         Punch             |     1 |     2 |     4 |       ||     7
 Invoke: Sacrifice Skill   |       |     1 |       |       ||     1
         Sacrifice Love    |       |       |     1 |       ||     1
         Draw Out Power    |       |       |     1 |     2 ||     3
         Reject Sacrifices |       |       |       |     1 ||     1
    Use: Potion            |       |     7 |     1 |     3 ||    11
         Scroll            |       |     1 |    13 |       ||    14
   Stab: Sleeping          |     8 |     8 |       |       ||    16
         Distracted        |       |       |     1 |       ||     1
 Armour: Skin              |    22 |   170 |   133 |    96 ||   421
  Dodge: Dodged            |    14 |    52 |   178 |    94 ||   338
   Form: Flux              |       |       |     1 |       ||     1

Table legend: (Time is in decaauts)
 A = Elapsed time spent in this place.
 B = Non-inter-level travel time spent in this place.
 C = Inter-level travel time spent in this place.
 D = Time resting spent in this place.
 E = Time spent auto-exploring this place.
 F = Levels seen in this place.
 G = Mean time per level.
                   A        B        C        D        E       F      G
               +--------+--------+--------+--------+--------+-----+--------+
         Total |  11162 |  10722 |    440 |   2549 |   6125 |  11 | 1014.7 |
       Dungeon |  11162 |  10722 |    440 |   2549 |   6125 |  11 | 1014.7 |
               +--------+--------+--------+--------+--------+-----+--------+

Top non-repeatable levels by time:
     D:6: 1666 daAuts
     D:9: 1591 daAuts
     D:5: 1392 daAuts
    D:10: 1387 daAuts
     D:4: 1052 daAuts
     D:7: 991 daAuts
     D:2: 730 daAuts
     D:3: 707 daAuts
    D:11: 699 daAuts
     D:1: 678 daAuts
     D:8: 265 daAuts
